 Dungeon Crawl Stone Soup version 0.19.0-19-g8c6edcc (webtiles) character file.

128 qqqbard the Skirmisher (level 4, -1/41 HPs)
             Began as a Minotaur Fighter on Nov 12, 2016.
             Slain by a worm (5 damage)
             ... on level 3 of the Dungeon.
             The game lasted 00:03:38 (1662 turns).

qqqbard the Skirmisher (Minotaur Fighter)           Turns: 1662, Time: 00:03:38

Health: -1/41      AC:  9    Str: 21    XL:     4   Next: 87%
Magic:  3/3        EV:  8    Int:  5    God:
Gold:   190        SH:  4    Dex: 10    Spells: 0 memorised, 3 levels left

rFire  . . .     SeeInvis .     a - +0 flail
rCold  . . .     Gourm    .     t - +0 chain mail
rNeg   . . .     Faith    .     p - +0 buckler
rPois  .         Spirit   .     (helmet restricted)
rElec  .         Reflect  .     (no cloak)
rCorr  .         Harm     .     (no gloves)
MR     .....                    (no boots)
Stlth  ..........               (no amulet)
                                (no ring)
                                (no ring)

@: no status effects
A: retaliatory headbutt, horns 2
a: no special abilities


You were on level 3 of the Dungeon.
You were not hungry.

You visited 1 branch of the dungeon, and saw 3 of its levels.

You collected 190 gold pieces.

Inventory:

Hand Weapons
 a - a +0 flail (weapon)
Armour
 b - a +0 scale mail
 c - a +0 shield
 p - a +0 buckler (worn)
 t - a +0 chain mail (worn)
Scrolls
 k - a scroll of magic mapping {unknown}
 l - a scroll of random uselessness {unknown}
 q - 3 scrolls of identify {unknown}
 s - a scroll of remove curse {unknown}
 u - a scroll of recharging {unknown}
 v - a scroll of fear {unknown}
Potions
 d - 2 potions of might
 e - 2 potions of degeneration {unknown}
 i - a potion of heal wounds {unknown}
 j - a potion of berserk rage {unknown}
 n - 3 potions of curing {unknown}
Comestibles
 f - 5 bread rations
 g - 6 chunks of flesh
 h - a royal jelly
 m - 2 fruits
 o - a meat ration
 r - a beef jerky


   Skills:
 + Level 4.4 Fighting
 * Level 4.2 Maces & Flails
 + Level 4.2 Armour
 + Level 1.8 Dodging
 + Level 4.0 Shields


You had 3 spell levels left.
You didn't know any spells.

Dungeon Overview and Level Annotations

Branches:
Dungeon (3/15)

Altars:
Elyvilon
Fedhas
Trog
Yredelemnul

Annotations:
D:3 1 runed door, Jessica


Innate Abilities, Weirdness & Mutations

You reflexively headbutt those who attack you in melee.
You have a pair of horns on your head.


Message History

You are too injured to fight recklessly!
You are too injured to fight recklessly!
Unknown command.
The worm bites you but does no damage.
The worm is no longer berserk.
The worm is no longer berserk.
You sock the worm!
The worm is severely wounded.
You hit the worm.
The worm is almost dead.
The worm bites you.
* * * LOW HITPOINT WARNING * * *
The worm bites you.
* * * LOW HITPOINT WARNING * * *
You sock the worm!
You kill the worm!
You hit the worm but do no damage.
You headbutt the worm, but do no damage.
The worm bites you.
You die...

.....#....#.#..######......♣♣♣♣.+
(..#.###[.#........##.....P.♣..♣#
##....#...##...............♣.♣♣♣
###....#......<....#..##♣♣♣♣♣
###......##............#
#...##....#........##..#######
....)........................###
.......##...........#..........#
.......##.......@...<).<.......#
...............w...#.....).....#
.......##....#..##.............#
...............................#
....######..##.#.##............#
...............................#
#.####......................[###
####..>....................###
.##......##...............>#


You could see a worm.

Vanquished Creatures
  3 adders
  4 worms (D:3)
  4 dart slugs
  3 leopard geckos
  4 orcs
  2 ball pythons (D:3)
  7 bats
  2 giant cockroaches
  11 goblins
  7 hobgoblins
  4 jackals (D:3)
  8 kobolds
  2 frilled lizards (D:2)
  12 rats
73 creatures vanquished.

Notes
Turn   | Place    | Note
-------+----------+-------------------------------------------
     0 | D:1      | qqqbard the Minotaur Fighter began the quest for the Orb.
     0 | D:1      | Reached XP level 1. HP: 19/19 MP: 0/0
   176 | D:1      | Reached XP level 2. HP: 26/27 MP: 1/1
   346 | D:1      | Reached skill level 1 in Dodging
   612 | D:1      | Reached XP level 3. HP: 33/33 MP: 2/2
   786 | D:2      | Found a faded altar of an unknown god.
   895 | D:2      | Reached XP level 4. HP: 38/40 MP: 3/3
   913 | D:2      | Found a white marble altar of Elyvilon.
  1248 | D:3      | Found a blossoming altar of Fedhas.
  1248 | D:3      | Noticed Jessica
  1249 | D:3      | Found a basalt altar of Yredelemnul.
  1590 | D:3      | Found a runed door.
  1623 | D:3      | Noticed a moth of wrath
  1626 | D:3      | Found a bloodstained altar of Trog.
  1662 | D:3      | Slain by a worm

Skill      XL: |  1  2  3  4 |
---------------+-------------+-----
Maces & Flails | 3 4 |  4.2
Dodging        | 1 |  1.8
Fighting       | 4 |  4.4
Armour         | 4 |  4.2
Shields        | 4 |  4.0

Action                   |  1- 3 |  4- 6 || total
-------------------------+-------+-------++-------
Melee: Flail             |    95 |    32 ||   127
       Headbutt          |    11 |    13 ||    24
       Whip              |       |    61 ||    61
  Eat: Chunk             |       |     3 ||     3
Armor: Scale mail        |    36 |     1 ||    37
       Chain mail        |       |    44 ||    44
Dodge: Dodged            |    21 |    38 ||    59
Block: Shield            |    54 |     1 ||    55
       Buckler           |       |    20 ||    20
